 Dungeon Crawl Stone Soup version 0.30-a0-930-gb9d0489357 (webtiles) character file.

Game seed: 2939538438821947144

1075 retardedninja the Shield-Bearer (level 8, -3/67 HPs)
             Began as a Gnoll Fighter on Mar 23, 2023.
             Engulfed by a steam dragon's steam (6 damage)
             ... on level 5 of the Dungeon.
             The game lasted 00:07:57 (5475 turns).

retardedninja the Shield-Bearer (Gnoll Fighter)     Turns: 5475, Time: 00:07:57

Health: -3/67      AC: 15    Str: 24    XL:     8   Next: 29%
Magic:  12/12      EV:  9    Int:  8    God:
Gold:   354        SH:  5    Dex: 11    Spells: 13/13 levels left

rFire   . . .      SeeInvis .    a - +1 war axe
rCold   . . .      Faith    .    c - +0 buckler
rNeg    . . .      Spirit   .    p - +0 chain mail
rPois   +          Reflect  .    (no helmet)
rElec   .          Rampage  .    n - +2 cloak {rPois}
rCorr   .                        v - +0 pair of gloves
Will    .....                    (no boots) Stlth
                                 (no amulet)
HPRegen 0.31/turn                g - +6 ring of strength
MPRegen 0.13/turn                (no ring)

@: no status effects
A: fangs 1, strong nose, distributed training
a: no special abilities


You were on level 5 of the Dungeon.
You visited 2 branches of the dungeon, and saw 6 of its levels.

You collected 354 gold pieces.

Inventory:

Hand Weapons
 a - a +1 war axe (weapon)
Armour
 c - a +0 buckler (worn)
 n - a +2 cloak of poison resistance (worn)
 p - a +0 chain mail (worn)
 v - a +0 pair of gloves (worn)
Jewellery
 g - a +6 ring of strength (left hand)
 u - a ring of magical power
Wands
 e - a wand of flame (5)
 j - a wand of roots (12)
Scrolls
 b - 2 scrolls of teleportation
 f - 2 scrolls of poison
 t - 2 scrolls of vulnerability {unknown}
 w - a scroll of immolation {unknown}
 x - a scroll of identify
Potions
 d - 3 potions of might
 h - a potion of resistance {unknown}
 i - 3 potions of lignification {unknown}
 k - a potion of degeneration
 l - a potion of brilliance
 m - a potion of attraction
 o - a potion of curing
 q - 2 potions of flight
 r - 2 potions of haste
 s - a potion of berserk rage


   Skills:
 + Level 7.4 Fighting
 + Level 3.2 Short Blades
 + Level 3.2 Long Blades
 + Level 5.7 Axes
 + Level 3.2 Maces & Flails
 + Level 3.2 Polearms
 + Level 3.2 Staves
 + Level 3.2 Ranged Weapons
 + Level 3.2 Throwing
 + Level 7.4 Armour
 + Level 3.2 Dodging
 + Level 3.2 Stealth
 + Level 7.4 Shields
 + Level 3.2 Unarmed Combat
 + Level 3.2 Spellcasting
 + Level 2.6 Conjurations
 + Level 2.6 Hexes
 + Level 2.6 Summonings
 + Level 2.6 Necromancy
 + Level 2.6 Translocations
 + Level 2.6 Transmutations
 + Level 2.6 Fire Magic
 + Level 2.6 Ice Magic
 + Level 2.6 Air Magic
 + Level 2.6 Earth Magic
 + Level 2.6 Poison Magic
 + Level 3.6 Invocations
 + Level 3.2 Evocations


You had 13 spell levels left.
You didn't know any spells.
Your spell library contained the following spells:

 Spells                   Type           Power      Damage    Failure   Level
 Foxfire                  Conj/Fire      20%        2x1d5     63%         1
 Kiss of Death            Conj/Necr      20%        2d7       63%         1
 Magic Dart               Conj           20%        1d4       63%         1
 Searing Ray              Conj           10%        2d4       77%         2
 Confusing Touch          Hex            5%         N/A       94%         3
 Dispel Undead            Necr           5%         3d7       100%        4
 Fulminant Prism          Conj/Hex       2%         3d5       100%        4
 Fireball                 Conj/Fire      2%         3d4       100%        5
 Starburst                Conj/Fire      2%         6d3       100%        6


Dungeon Overview and Level Annotations

Branches:
Dungeon (5/15)             Temple (1/1) D:5

Altars:
Ashenzari
Cheibriados
Dithmenos
Elyvilon
Gozag
Kikubaaqudgha
Makhleb
Nemelex Xobeh
Qazlal
Ru
Sif Muna
Trog
Uskayaw
Vehumet
Wu Jian
Xom
Zin
The Shining One


Innate Abilities, Weirdness & Mutations

You have very sharp teeth.
Your uncanny sense of smell can sniff out nearby items.
Your experience applies equally to all skills.


Message History

You are engulfed in a cloud of scalding steam.
The steam dragon closely misses you.
The steam dragon claws you but does no damage.
The steam dragon bites you! The steam dragon barely misses you.
You're standing in a cloud of steam!
You are too injured to fight recklessly!
You're standing in a cloud of steam!
You are too injured to fight recklessly!
You are too injured to fight recklessly!
You barely miss the steam dragon. You bite the steam dragon.
The steam dragon is lightly wounded.
You are engulfed in a cloud of scalding steam.
The steam dragon barely misses you.
The steam dragon claws you but does no damage.
You barely miss the steam dragon.
The steam dragon is lightly wounded.
The steam dragon breathes steam at you. The ball of steam hits you!
You barely miss the steam dragon.
The steam dragon is lightly wounded.
You are engulfed in a cloud of scalding steam.
* * * LOW HITPOINT WARNING * * *
The steam dragon bites you but does no damage.
You block the steam dragon's attack.
You barely miss the steam dragon. Your bite misses the steam dragon.
The steam dragon is lightly wounded.
You are engulfed in a cloud of scalding steam.
* * * LOW HITPOINT WARNING * * *
The steam dragon breathes steam at you. The ball of steam hits you!
* * * LOW HITPOINT WARNING * * *
The steam dragon bites you but does no damage.
The steam dragon claws you but does no damage.
You feel better.
You are engulfed in a cloud of scalding steam.
The steam dragon bites you but does no damage.
The steam dragon claws you.
* * * LOW HITPOINT WARNING * * *
You are engulfed in a cloud of scalding steam.
You die...

#.# #.#
###.##
#.#
)....#
#.#
##...#
#.#
+..#.#
#.#
####.# #
#.# #
#.#
#.##.###
# #.#
#.D§.§§#
# #.#
####@#.#
####.###
#.#.#
#.....#
#.# #
#.#...#
#.#
##.#####
#.#
.......#
#.#
.#.###.#
#.# .#.#
#.# .#..


You could see a steam dragon.

Vanquished Creatures
  Grinder (D:3)
  Sigmund (D:3)
  2 ogres
  3 scorpions (D:4)
  4 hounds
  Crazy Yiuf (D:3)
  An iguana (D:4)
  A sleepcap (D:5)
  An orc wizard (D:3)
  10 adders
  A worm (D:4)
  2 dart slugs (D:1)
  6 orcs
  2 endoplasms
  3 giant cockroaches
  A goblin (D:1)
  6 hobgoblins
  11 kobolds
  3 quokkas (D:1)
  7 ball pythons
  5 bats
  2 frilled lizards (D:1)
  7 rats (D:1)
81 creatures vanquished.

Notes
Turn   | Place    | Note
-------+----------+-------------------------------------------
     0 | D:1      | retardedninja the Gnoll Fighter began the quest for the
                  | Orb.
     0 | D:1      | Reached XP level 1. HP: 23/23 MP: 1/1
   124 | D:1      | Reached XP level 2. HP: 29/29 MP: 2/2
   305 | D:1      | Reached XP level 3. HP: 35/35 MP: 3/3
   735 | D:2      | Reached skill level 1 in Invocations
   871 | D:2      | Reached skill level 1 in Short Blades
   871 | D:2      | Reached skill level 1 in Long Blades
   871 | D:2      | Reached skill level 1 in Maces & Flails
   871 | D:2      | Reached skill level 1 in Polearms
   871 | D:2      | Reached skill level 1 in Staves
   871 | D:2      | Reached skill level 1 in Ranged Weapons
   871 | D:2      | Reached skill level 1 in Throwing
   871 | D:2      | Reached skill level 1 in Dodging
   871 | D:2      | Reached skill level 1 in Stealth
   871 | D:2      | Reached skill level 1 in Unarmed Combat
   871 | D:2      | Reached skill level 1 in Spellcasting
   871 | D:2      | Reached skill level 1 in Evocations
  1321 | D:2      | Reached XP level 4. HP: 39/41 MP: 5/5
  1332 | D:2      | You fall into a shaft and drop 2 floors!
  1332 | D:4      | Found a shadowy altar of Dithmenos.
  1332 | D:4      | Found a sparkling altar of Nemelex Xobeh.
  1332 | D:4      | Found a burning altar of Makhleb.
  1345 | D:5      | Entered Level 5 of the Dungeon
  1348 | D:5      | Found a staircase to the Ecumenical Temple.
  1395 | D:5      | Reached skill level 1 in Conjurations
  1395 | D:5      | Reached skill level 1 in Hexes
  1395 | D:5      | Reached skill level 1 in Summonings
  1395 | D:5      | Reached skill level 1 in Necromancy
  1395 | D:5      | Reached skill level 1 in Translocations
  1395 | D:5      | Reached skill level 1 in Transmutations
  1395 | D:5      | Reached skill level 1 in Fire Magic
  1395 | D:5      | Reached skill level 1 in Ice Magic
  1395 | D:5      | Reached skill level 1 in Air Magic
  1395 | D:5      | Reached skill level 1 in Earth Magic
  1395 | D:5      | Reached skill level 1 in Poison Magic
  1404 | Temple   | Entered the Ecumenical Temple
  1687 | D:4      | Noticed a scorpion
  1691 | D:4      | Killed a scorpion
  1692 | D:4      | Reached XP level 5. HP: 47/47 MP: 5/7
  1932 | D:3      | Noticed an ogre
  1937 | D:3      | Killed an ogre
  1938 | D:3      | Reached skill level 5 in Axes
  1938 | D:3      | Reached XP level 6. HP: 36/53 MP: 7/9
  2015 | D:3      | Noticed Grinder
  2015 | D:3      | Paralysed by Grinder for 4 turns
  2022 | D:3      | Paralysed by Grinder for 2 turns
  2028 | D:3      | Paralysed by Grinder for 2 turns
  2036 | D:3      | Paralysed by Grinder for 2 turns
  2038 | D:3      | Killed Grinder
  2039 | D:3      | Reached XP level 7. HP: 40/60 MP: 10/10
  2147 | D:3      | Noticed Sigmund
  2160 | D:3      | Killed Sigmund
  2250 | D:3      | Found a white marble altar of Elyvilon.
  2250 | D:3      | Found an opulent altar of Gozag.
  2885 | D:3      | Found a runed translucent door.
  2886 | D:3      | Noticed Crazy Yiuf
  3282 | D:4      | Found an ornate altar of the Wu Jian Council.
  3602 | D:4      | Reached XP level 8. HP: 59/67 MP: 12/12
  4504 | D:2      | Found a faded altar of an unknown god.
  4866 | D:3      | Killed Crazy Yiuf
  5473 | D:5      | HP: 1/67 [steam dragon/ball of steam (16)]
  5475 | D:5      | Engulfed by a steam dragon's steam

Illustrated notes

Levels and vault maps discovered:
D:1:      dpeg_arrival_ratfight, layout_loops_ring, minmay_splitting_lines,
          chequers_serial_rivers_micro_d
D:2:      layout_loops_corners, ebering_ecumenical_altar_mist
D:3:      layout_loops_corners, gammafunk_temple_overflow_wave,
          uniq_crazy_yiuf_cottage, uniq_sigmund, uniq_grinder
D:4:      layout_layer_cave, amcnicky_altar_gilded,
          nicolae_overflow_hidden_temple
D:5:      layout_basic, temple_pool_b
Temple:   nicolae_temple_bog_church

Skill      XL: |  1  2  3  4  5  6  7 |
---------------+----------------------+-----
Invocations    | 1 2 3 |  3.6
Short Blades   | 1 2 3 |  3.2
Long Blades    | 1 2 3 |  3.2
Maces & Flails | 1 2 3 |  3.2
Polearms       | 1 2 3 |  3.2
Staves         | 1 2 3 |  3.2
Ranged Weapons | 1 2 3 |  3.2
Throwing       | 1 2 3 |  3.2
Dodging        | 1 2 3 |  3.2
Stealth        | 1 2 3 |  3.2
Unarmed Combat | 1 2 3 |  3.2
Spellcasting   | 1 2 3 |  3.2
Evocations     | 1 2 3 |  3.2
Conjurations   | 1 2 |  2.6
Hexes          | 1 2 |  2.6
Summonings     | 1 2 |  2.6
Necromancy     | 1 2 |  2.6
Translocations | 1 2 |  2.6
Transmutations | 1 2 |  2.6
Fire Magic     | 1 2 |  2.6
Ice Magic      | 1 2 |  2.6
Air Magic      | 1 2 |  2.6
Earth Magic    | 1 2 |  2.6
Poison Magic   | 1 2 |  2.6
Axes           | 5 |  5.7
Fighting       | 7 |  7.4
Armour         | 7 |  7.4
Shields        | 7 |  7.4

Action                     |  1- 3 |  4- 6 |  7- 9 || total
---------------------------+-------+-------+-------++-------
  Melee: War axe           |    90 |    55 |   142 ||   287
         Bite              |    10 |     1 |    16 ||    27
    Use: Scroll            |       |       |    11 ||    11
         Potion            |       |       |     2 ||     2
 Armour: Scale mail        |    37 |     7 |       ||    44
         Chain mail        |       |    20 |    79 ||    99
  Dodge: Dodged            |    33 |    30 |    55 ||   118
  Block: Buckler           |    29 |    14 |    42 ||    85

Table legend: (Time is in decaauts)
 A = Elapsed time spent in this place.
 B = Non-inter-level travel time spent in this place.
 C = Inter-level travel time spent in this place.
 D = Time resting spent in this place.
 E = Time spent auto-exploring this place.
 F = Levels seen in this place.
 G = Mean time per level.
                   A        B        C        D        E       F      G
               +--------+--------+--------+--------+--------+-----+--------+
         Total |   5568 |   5352 |    216 |    168 |   4293 |   6 |  928.0 |
       Dungeon |   5352 |   5161 |    191 |    168 |   4151 |   5 | 1070.4 |
        Temple |    216 |    191 |     25 |      0 |    142 |   1 |  216.0 |
               +--------+--------+--------+--------+--------+-----+--------+

Top non-repeatable levels by time:
     D:4: 1493 daAuts
     D:3: 1455 daAuts
     D:2: 1025 daAuts
     D:1: 732 daAuts
     D:5: 645 daAuts
  Temple: 216 daAuts
